[Event "*** SCC Grand Prix: Titled Tuesday Blitz"]
[Site "Chess.com"]
[Date "2020.06.02"]
[Round "8"]
[White "mortngabriel"]
[Black "KaterynaLagno"]
[Result "0-1"]
[WhiteElo "2464"]
[BlackElo "2676"]
[TimeControl "180+1"]
[EndTime "11:35:41 PDT"]
[Termination "KaterynaLagno won on time"]

1. e4 e5 2. Nc3 Nc6 3. Bc4 Nf6 4.
d3 Na5 5. Bb3 Be7 6. f4 Nxb3 7.
axb3 exf4 8. Bxf4 d5 9. exd5 O-O 10. Nf3 Nxd5 11. Nxd5 Qxd5 12. O-O Bf6 13. d4 Bg4 14. c3 c5 15. c4 Bxf3 16. Qxf3 Qxf3 17. Rxf3 Bxd4+ 18. Be3 Bxb2 19. Ra2 Bd4 20. Bxd4 cxd4 21. Rd2 Rfd8 22. Rfd3 Kf8 23. Rxd4 Rxd4 24. Rxd4 Ke7 25. Kf2 Rd8 26. Re4+ Kd6 27. b4 a6 28. Ke3 Kc6 29. g4 h6 30. h4 b6 31. Re7 Rd7 32. b5+ axb5 33. cxb5+ Kd6 34. Re8 Re7+ 35. Rxe7 Kxe7 36. Ke4 Ke6 37. g5 hxg5 38. hxg5 f5+ 0-1

[Event "*** SCC Grand Prix: Titled Tuesday Blitz"]
[Site "Chess.com"]
[Date "2020.06.02"]
[Round "8"]
[White "Boudicca64"]
[Black "BulletMercenary"]
[Result "0-1"]
[WhiteElo "1961"]
[BlackElo "2127"]
[TimeControl "180+1"]
[EndTime "11:35:42 PDT"]
[Termination "BulletMercenary won on time"]

1. e4 d6 2. d4 g6 3. Nc3 Bg7 4.
Be3 Nd7 5. Qd2 e5 6. Nge2 Ne7 7.
O-O-O O-O 8. Bh6 f5 9. Bxg7 Kxg7 10. h4 f4 11. g3 f3 12. Ng1 exd4 13. Qxd4+ Ne5 14.
h5 Nc6 15. Qd2 g5 16. Nh3 h6 17. Nd5 Be6 18. Qc3 Qd7 19. Nhf4 gxf4 20. gxf4 Bxd5 21. fxe5 Nxe5 22. exd5 Rf7 23. Bh3 Qa4 24. Rhg1+ Kh7 25. Kb1 Raf8 26. Rd4 Qb5 27. Qe3 Rf6 0-1

[Event "*** SCC Grand Prix: Titled Tuesday Blitz"]
[Site "Chess.com"]
[Date "2020.06.02"]
[Round "8"]
[White "Papa12341234"]
[Black "kuban1991"]
[Result "1-0"]
[WhiteElo "2561"]
[BlackElo "2697"]
[TimeControl "180+1"]
[EndTime "11:35:43 PDT"]
[Termination "Papa12341234 won on time"]

1. e4 e6 2. d4 d5 3. Nd2 c5 4.
exd5 exd5 5. Ngf3 Nc6 6. dxc5 Bxc5 7. Nb3 Bb6 8. Bd3 Nf6 9. c3 O-O 10. O-O Bg4 11. h3 Bh5 12. Be2 Re8 13. Nbd4 Ne4 14.
Nxc6 bxc6 15. Nd4 Bxe2 16. Nxe2 Qf6 17. Nd4 Rad8 18. Qf3 Bxd4 19. cxd4 Qxd4 20. Be3 Qxb2 21. Rab1 Qf6 22. Qxf6 Nxf6 23. Bxa7 Ra8 24. Bd4 Rxa2 25. Rb6 Rc2 26. Rfb1 h6 27. Rb7 Rce2 28. R1b6 R8e6 29.
Rc7 Re1+ 30. Kh2 R1e4 31. Bb2 Ne8 32. Rcxc6 Rxc6 33. Rxc6 Re6 34. Rc8 f6 35. Rd8 Kf7 36.
Rxd5 Re2 37. Bd4 Rd2 38. Rd7+ Ke6 39. Rd8 Ke7 40. Bxf6+ 1-0

[Event "*** SCC Grand Prix: Titled Tuesday Blitz"]
[Site "Chess.com"]
[Date "2020.06.02"]
[Round "8"]
[White "MalcolmPein"]
[Black "BJthechessgod"]
[Result "1-0"]
[WhiteElo "2224"]
[BlackElo "2064"]
[TimeControl "180+1"]
[EndTime "11:35:44 PDT"]
[Termination "MalcolmPein won by resignation"]

1. d4 Nf6 2. c4 g6 3. Nc3 d5 4.
cxd5 Nxd5 5. e4 Nxc3 6. bxc3 Bg7 7. Nf3 c5 8. Be3 Nc6 9. Qd2 O-O 10. d5 Ne5 11. Nxe5 Bxe5 12. Bxc5 Qa5 13. Bd4 Bxd4 14. Qxd4 Bd7 15. Qb4 Qc7 16. Bd3 Rac8 17. Rc1 a5 18.
Qb3 e6 19. O-O exd5 20. exd5 a4 21. Qb4 Rfd8 22. c4 b5 23. c5 Be8 24. d6 Qb7 25. Be4 Bc6 26. Bxc6 Rxc6 27. Rfd1 Rd7 28. g3 Rc8 29. h4 h5 30. a3 Qc6 31. Rd2 Re8 32.
Rb2 Rb7 33. Qd4 Re4 34. Qd3 Re5 35. Rd1 Qd7 36. Qd4 Re6 37. Qd5 Rb8 38. c6 Qa7 39.
c7 Rbe8 40. d7 Re1+ 41. Rxe1 Rxe1+ 42. Kg2 1-0

[Event "*** SCC Grand Prix: Titled Tuesday Blitz"]
[Site "Chess.com"]
[Date "2020.06.02"]
[Round "8"]
[White "IriBu"]
[Black "Alexey_Spirin"]
[Result "1/2-1/2"]
[WhiteElo "2469"]
[BlackElo "2019"]
[TimeControl "180+1"]
[EndTime "11:35:44 PDT"]
[Termination "Game drawn by repetition"]

1. e4 c5 2. Nf3 Nc6 3. Nc3 e5 4. Bc4 Be7 5. d3 h6 6. O-O Nf6 7. Ne1 d6 8. f4 exf4 9. Bxf4 O-O 10. Nf3 Be6 11. Qe1 Qd7 12. Nd5 Rae8 13. Qf2 Kh8 14. c3 Bd8 15. h3 a6 16. a4 Na5 17. Ba2 b5 18. axb5 axb5 19. Qd2 Nc6 20. Nxf6 Bxf6 21.
Bd5 Kg8 22. Ra6 Bxd5 23. exd5 Ne5 24. Nxe5 Bxe5 25. Qf2 Qb7 26. Rc6 b4 27. Bxe5 Rxe5 28. c4 Qe7 29. Qg3 g6 30. Kh2 Kg7 31. Ra1 Rd8 32. Qf4 Rf5 33. Qg3 Re5 34. Qf4 Rf5 35. Qg3 Re5 1/2-1/2

[Event "*** SCC Grand Prix: Titled Tuesday Blitz"]
[Site "Chess.com"]
[Date "2020.06.02"]
[Round "8"]
[White "FMJoseHerrera"]
[Black "Godzillator"]
[Result "0-1"]
[WhiteElo "2634"]
[BlackElo "2476"]
[TimeControl "180+1"]
[EndTime "11:35:45 PDT"]
[Termination "Godzillator won by resignation"]

1. Nf3 d5 2. g3 Nf6 3. Bg2 c6 4. O-O Bg4 5. d3 Nbd7 6. c3 e6 7. Qb3 Qb6 8. Be3 Qxb3 9. axb3 a6 10. b4 Rc8 11. Nbd2 Bd6 12. Nb3 O-O 13. Na5 Rc7 14.
Rfc1 Rfc8 15. h3 Bh5 16. g4 Bg6 17. Nd4 c5 18. bxc5 Bxc5 19. b4 Bb6 20. c4 Bxa5 21. bxa5 dxc4 22. dxc4 Rxc4 23. Rxc4 Rxc4 24. Bxb7 Nc5 25.
Bc8 Nd5 26. Rd1 Kf8 27. Bg5 h6 28. Bh4 Nc3 29. Rc1 e5 30. Rxc3 Rxc3 31. Nf3 f6 32. Bg3 Ra3 33. h4 Rxa5 34. g5 hxg5 35. hxg5 Ra1+ 36. Kg2 a5 37. gxf6 gxf6 38. Nd2 a4 39. f4 Ne4 40. Nxe4 Bxe4+ 41. Kf2 exf4 42. Bxf4 a3 43.
Bd6+ Kf7 44. Ba6 Bd5 45. e4 Be6 0-1

[Event "*** SCC Grand Prix: Titled Tuesday Blitz"]
[Site "Chess.com"]
[Date "2020.06.02"]
[Round "8"]
[White "floplover"]
[Black "sergeikim"]
[Result "0-1"]
[WhiteElo "2214"]
[BlackElo "2470"]
[TimeControl "180+1"]
[EndTime "11:35:46 PDT"]
[Termination "sergeikim won on time"]

1. d4 Nf6 2. c4 g6 3. Nc3 Bg7 4. e4 d6 5. Nf3 O-O 6. Be2 e5 7. O-O exd4 8. Nxd4 Re8 9. f3 Nbd7 10. Bg5 c6 11.
Qd2 a5 12. Rad1 a4 13. Kh1 Qa5 14. Be3 Nc5 15. Qc2 Nfd7 16. Rfe1 Ne5 17. Bf1 Qb4 18. Qc1 Ned7 19. Nc2 Qa5 20. Rxd6 Ne5 21. Red1 Be6 22. Nd4 Bxc4 23. b3 axb3 24. axb3 Bxf1 25. Rxf1 Ned3 26. Qc2 Be5 27. b4 Nxb4 28. Qf2 Bxd6 29. Qh4 Ne6 30. Nf5 gxf5 31. exf5 Qxf5 32. Ne4 Be7 33. Qg3+ Qg6 34.
Qe5 Nd3 35. Qc3 Rad8 36. Bb6 Rd5 37. Qa1 f5 0-1

[Event "*** SCC Grand Prix: Titled Tuesday Blitz"]
[Site "Chess.com"]
[Date "2020.06.02"]
[Round "8"]
[White "ecwinslow"]
[Black "Reinaldovera"]
[Result "0-1"]
[WhiteElo "2136"]
[BlackElo "2242"]
[TimeControl "180+1"]
[EndTime "11:35:48 PDT"]
[Termination "Reinaldovera won by resignation"]

1. e4 c5 2. Nf3 d6 3. d4 cxd4 4.
Nxd4 Nf6 5. Nc3 a6 6. Bg5 e6 7. f4 Be7 8. Qf3 Qc7 9. O-O-O O-O 10. Be2 b5 11. e5 Bb7 12. Qg3 dxe5 13. fxe5 Ne4 14. Nxe4 Bxe4 15. Bd3 Bxg5+ 16. Qxg5 h6 17. Qe3 Bxd3 18. Rxd3 Nd7 19. Nf3 Rac8 20. Rc3 Qb7 21.
Rd1 Nb6 22. Rxc8 Rxc8 23. Rd4 Nd5 24. Qd2 Qc7 25. a3 a5 26. Kb1 b4 27. axb4 axb4 28. Ne1 Qxe5 29. Nd3 Qxd4 0-1

[Event "*** SCC Grand Prix: Titled Tuesday Blitz"]
[Site "Chess.com"]
[Date "2020.06.02"]
[Round "8"]
[White "TST2014"]
[Black "Pavel_Mir"]
[Result "1-0"]
[WhiteElo "2516"]
[BlackElo "2294"]
[TimeControl "180+1"]
[EndTime "11:35:49 PDT"]
[Termination "TST2014 won by resignation"]

1. d4 Nf6 2. c4 c6 3. Nf3 d5 4. Nc3 e6 5. e3 Nbd7 6. Qc2 a6 7. b3 c5 8. cxd5 exd5 9. g3 Be7 10. Bg2 O-O 11. O-O cxd4 12. Nxd4 Nc5 13. Bb2 Bg4 14. h3 Bh5 15. Nf5 Bg6 16. Nxe7+ Qxe7 17. Qd2 Nd3 18.
Rad1 Nxb2 19. Qxb2 Rfd8 20. Nxd5 Nxd5 21. Rxd5 Be4 22. Re5 Qf6 23. Bxe4 Rd6 24. Rb1 Rad8 25. Rf5 Rd1+ 26. Kg2 Qe6 27. Qe5 Qd7 28. Rxd1 Qxd1 29. Bd5 Kh8 30. Rxf7 Rg8 31. Re7 1-0

[Event "*** SCC Grand Prix: Titled Tuesday Blitz"]
[Site "Chess.com"]
[Date "2020.06.02"]
[Round "8"]
[White "Gabrielian_Artur"]
[Black "swisspower96"]
[Result "1-0"]
[WhiteElo "2739"]
[BlackElo "2562"]
[TimeControl "180+1"]
[EndTime "11:35:50 PDT"]
[Termination "Gabrielian_Artur won by resignation"]

1. e4 c5 2. Nc3 Nc6 3. Bb5 Nd4 4. Bc4 a6 5. Bb3 e6 6. Nf3 Nxb3 7. axb3 b6 8. O-O Bb7 9. d4 cxd4 10. Nxd4 d6 11. Re1 Nf6 12. Qf3 Be7 13. Qg3 h5 14. h3 Qc7 15. Bg5 O-O-O 16. b4 b5 17. Ncxb5 axb5 18.
Nxb5 Qc4 19. Ra5 Qxb4 20. Rea1 Nxe4 21. Qe3 Bxg5 22. Qb6 Qc5 23. Na7+ Kd7 24. Rxc5 Nxc5 25. b4 Rb8 26. bxc5 Bxg2 27. c6+ Ke7 28. Qc7+ Kf6 29.
Kxg2 Rb4 30. Qxd6 Rf4 31. c7 Rh6 1-0

[Event "*** SCC Grand Prix: Titled Tuesday Blitz"]
[Site "Chess.com"]
[Date "2020.06.02"]
[Round "8"]
[White "2346PL"]
[Black "StephenDedalus83"]
[Result "0-1"]
[WhiteElo "2447"]
[BlackElo "2709"]
[TimeControl "180+1"]
[EndTime "11:35:50 PDT"]
[Termination "StephenDedalus83 won by resignation"]

1. d4 g6 2. e4 Bg7 3. Nc3 d6 4. Bg5 a6 5. a4 b6 6. f4 Bb7 7. d5 c6 8. Nf3 Nf6 9. Bxf6 Bxf6 10. e5 Bg7 11. e6 f5 12. Ng5 O-O 13. h4 h5 14. Be2 Qe8 15. Bf3 Bxc3+ 16. bxc3 cxd5 17. c4 Nc6 18. cxd5 Na5 19. Qd4 Qc8 20. O-O Qc5 21. Qxc5 bxc5 22. Rfb1 Rab8 23. Ra3 Ba8 24. Raa1 Nc4 25.
Kf2 Nd2 26. Rd1 Nxf3 27. gxf3 Rb4 28. Ke3 Rfb8 29. Nf7 Kg7 30. Rd2 Rc4 31. Rg1 Rc3+ 32. Ke2 Rb4 33. Kf2 Rxf4 34. Nxd6 exd6 35. e7 Rfxf3+ 36. Ke1 Rfe3+ 37. Re2 Kf7 38. Rxg6 Kxe7 39. Rg7+ Kf6 40. Rd7 Bxd5 41. Rxd6+ Ke5 42. Rxa6 Rxe2+ 43. Kxe2 Bc4+ 44. Kd2 Rxc2+ 0-1

[Event "*** SCC Grand Prix: Titled Tuesday Blitz"]
[Site "Chess.com"]
[Date "2020.06.02"]
[Round "8"]
[White "TrenerChos"]
[Black "AungTZ"]
[Result "1-0"]
[WhiteElo "2363"]
[BlackElo "1954"]
[TimeControl "180+1"]
[EndTime "11:35:51 PDT"]
[Termination "TrenerChos won by resignation"]

1. e4 c5 2. Nf3 Nc6 3. Bb5 e6 4.
O-O Nge7 5. Re1 a6 6. Bf1 d5 7. e5 Ng6 8. c3 Be7 9. d4 O-O 10. a3 f6 11. exf6 Bxf6 12. dxc5 e5 13. Be3 d4 14.
cxd4 exd4 15. Bc1 Qd5 16. Nbd2 Kh8 17. Ne4 Be7 18. Nfd2 Bf5 19. Bc4 Qd7 20. b4 Rae8 21. Bb2 Nf4 22. Ng3 Bg4 23. Qb3 Bg5 24. Nde4 Bh6 25.
Nd6 Rxe1+ 26. Rxe1 Bh3 27. Nf7+ Rxf7 28. Bxf7 g5 29. Be8 Qg7 30. Bxc6 1-0

[Event "*** SCC Grand Prix: Titled Tuesday Blitz"]
[Site "Chess.com"]
[Date "2020.06.02"]
[Round "8"]
[White "cassoulet"]
[Black "temus_galaktionov"]
[Result "1-0"]
[WhiteElo "2628"]
[BlackElo "2720"]
[TimeControl "180+1"]
[EndTime "11:35:53 PDT"]
[Termination "cassoulet won by resignation"]

1. e4 c6 2. d4 g6 3. Nc3 Bg7 4. Nf3 d6 5. h3 Nd7 6. Bg5 h6 7. Be3 e5 8. Bc4 Ngf6 9. Qd2 Qe7 10. O-O b5 11. Bb3 b4 12. Ne2 Nxe4 13. Qxb4 exd4 14. Bxd4 c5 15. Bxg7 cxb4 16. Bxh8 f6 17. Rfe1 Bb7 18.
Nf4 O-O-O 19. Nd5 Bxd5 20. Bxd5 Ndc5 21. Nd2 Rxh8 22. Nxe4 Nd7 23. Rad1 Kc7 24. Nc5 Ne5 25. Ne6+ Kb6 26. f4 Nf7 27. Re4 a5 28. a3 Rc8 29.
axb4 Rxc2 30. bxa5+ Ka7 31. Nd4 Qc7 32. Nb5+ 1-0

[Event "*** SCC Grand Prix: Titled Tuesday Blitz"]
[Site "Chess.com"]
[Date "2020.06.02"]
[Round "8"]
[White "Boninknights"]
[Black "bmt011"]
[Result "1-0"]
[WhiteElo "2396"]
[BlackElo "2100"]
[TimeControl "180+1"]
[EndTime "11:35:54 PDT"]
[Termination "Boninknights won by resignation"]

1. d4 Nf6 2. Nf3 e6 3. c4 Bb4+ 4. Bd2 a5 5. g3 O-O 6. Bg2 Re8 7. O-O Nc6 8. Bg5 h6 9. Bxf6 Qxf6 10. c5 e5 11. a3 e4 12. Ne5 Nxe5 13. dxe5 Qxe5 14. axb4 Qxb2 15. Nd2 e3 16. Nc4 Qxb4 17. Nxe3 Qxc5 18.
Nd5 Re5 19. Rc1 Qa3 20. Nxc7 Rb8 21. Nd5 b5 22. e4 Ba6 23. f4 Ree8 24. Nc7 Red8 25.
Nxa6 Rb6 26. Nc5 Rc6 27. Nd3 Rxc1 28. Nxc1 b4 29. e5 b3 30. Qxb3 Qc5+ 31. Kh1 d6 32. Nd3 Qe3 33. Bd5 dxe5 34. Nxe5 Kh8 1-0

[Event "*** SCC Grand Prix: Titled Tuesday Blitz"]
[Site "Chess.com"]
[Date "2020.06.02"]
[Round "8"]
[White "plumalka"]
[Black "TregubovP"]
[Result "0-1"]
[WhiteElo "2418"]
[BlackElo "2569"]
[TimeControl "180+1"]
[EndTime "11:35:55 PDT"]
[Termination "TregubovP won by resignation"]

1. e4 e6 2. d4 d5 3. Nc3 Bb4 4. Qd3 dxe4 5. Qxe4 Nf6 6. Qh4 c5 7. a3 Ba5 8. dxc5 Bxc3+ 9. bxc3 Qa5 10. Qb4 Nc6 11.
Bb5 Qc7 12. Nf3 O-O 13. Bxc6 Qxc6 14. O-O b6 15. cxb6 axb6 16. Bg5 Nd5 17. Qh4 Ra4 18. Qg3 Qxc3 19. Rad1 Ba6 20. Rfe1 Qxc2 21. Ne5 Qf5 22. Bh6 Qf6 23. Nd7 Qxh6 24. Nxf8 Qf4 25. Qh3 Kxf8 26. Qxh7 Qh6 27. Qe4 Rxe4 28. Rxe4 Nc3 29. Rd8+ Ke7 0-1

[Event "*** SCC Grand Prix: Titled Tuesday Blitz"]
[Site "Chess.com"]
[Date "2020.06.02"]
[Round "8"]
[White "crazy_but_lazy"]
[Black "Anna_ChessMate"]
[Result "1-0"]
[WhiteElo "2422"]
[BlackElo "2539"]
[TimeControl "180+1"]
[EndTime "11:35:55 PDT"]
[Termination "crazy_but_lazy won by resignation"]

1. d4 Nf6 2. c4 g6 3. Nc3 d5 4. cxd5 Nxd5 5. e4 Nxc3 6. bxc3 Bg7 7. Qa4+ Bd7 8. Qb3 b6 9. Nf3 O-O 10. Be2 c5 11. O-O Nc6 12. Be3 cxd4 13. cxd4 Rc8 14.
Ba6 Na5 15. Qd3 Ra8 16. Rfc1 Bc8 17. Bb5 Bb7 18. Bd2 a6 19. Bxa5 axb5 20. Bb4 Qd7 21. a3 Rfd8 22. Rd1 Qg4 23. Re1 Bxd4 24. Nxd4 e5 25. Qf3 Qh4 26. Nxb5 f5 27. Nd6 Bc6 28. Qb3+ Kg7 29. Rac1 Bd7 30. Rc7 Qf6 31. exf5 gxf5 32. Qg3+ Kh8 33. Qxe5 Qxe5 34. Rxe5 Kg7 35. Re7+ Kf6 36.
Rexd7 Rxd7 37. Rxd7 Ke6 38. Rxh7 Kd5 39. h4 1-0

[Event "*** SCC Grand Prix: Titled Tuesday Blitz"]
[Site "Chess.com"]
[Date "2020.06.02"]
[Round "8"]
[White "goldenpuppy"]
[Black "Storchnoi"]
[Result "1-0"]
[WhiteElo "2187"]
[BlackElo "2032"]
[TimeControl "180+1"]
[EndTime "11:35:56 PDT"]
[Termination "goldenpuppy won by resignation"]

1. e4 c5 2. Nf3 Nc6 3. d4 cxd4 4. Nxd4 Nf6 5. Nc3 d6 6. Bg5 e6 7. Qd2 a6 8. O-O-O Bd7 9. f4 b5 10. Nf3 Qc7 11. Bxf6 gxf6 12. Kb1 Na5 13. f5 O-O-O 14. Bd3 Nc4 15. Bxc4 Qxc4 16. Qd4 Qxd4 17. Nxd4 Be7 18.
Nce2 Kb7 19. Rc1 Rc8 20. Rhg1 e5 21. Nf3 Bc6 22. Ng3 d5 23. exd5 Bxd5 24. Rcd1 Rhd8 25. Nd2 Bc6 26. Nde4 Kc7 27. Kc1 b4 28. Rxd8 Rxd8 29.
Rd1 Rxd1+ 30. Kxd1 a5 31. b3 Bd5 32. Kd2 Kc6 33.
Kd3 Bd8 34. Nh5 Bxe4+ 35. Kxe4 Kc5 36. g4 Be7 37. h4 h6 38. Ng3 Bd8 39. Nf1 Kd6 40.
Nd2 Bb6 41. Nc4+ Kc6 42. Nd2 Bf2 43. h5 Kc5 44. Nf3 Kd6 45. g5 fxg5 46. Nxe5 Ke7 47. Ng4 Bc5 48. Nxh6 Kf6 49. Ng4+ Kg7 50. Kd5 Bf8 51.
Ke5 Bc5 52. f6+ Kh7 53. Kf5 Bb6 54. Kxg5 Bd8 55. Kf5 Bc7 56. Ke4 Bg3 57. Kd5 Bh4 58. Kc6 Bg5 59. Kd7 Bd2 60. Ke7 Kg8 61. h6 Bxh6 62.
Nxh6+ Kh7 63. Nxf7 Kg6 64. Ne5+ Kf5 65. f7 Kxe5 66. f8=Q 1-0

[Event "*** SCC Grand Prix: Titled Tuesday Blitz"]
[Site "Chess.com"]
[Date "2020.06.02"]
[Round "8"]
[White "Irishchessman16"]
[Black "Jeffinho023"]
[Result "0-1"]
[WhiteElo "2428"]
[BlackElo "2577"]
[TimeControl "180+1"]
[EndTime "11:35:57 PDT"]
[Termination "Jeffinho023 won by resignation"]

1. d4 Nf6 2. Nf3 d5 3. g3 Bf5 4. Bg2 e6 5. O-O Nbd7 6. c4 c6 7. Nc3 Be7 8. Re1 O-O 9. Nd2 Bg6 10. e4 dxc4 11. Nxc4 Nb6 12. Ne5 c5 13. Nxg6 hxg6 14. dxc5 Bxc5 15. Bg5 Qxd1 16. Raxd1 Ng4 17. Re2 f6 18.
Bc1 Rad8 19. h3 Rxd1+ 20. Nxd1 Rd8 21. Nc3 Ne5 22. Kf1 Kf7 23. Be3 Bxe3 24. Rxe3 Nd3 25. Re2 Nc4 26. b3 Nb6 27. Rd2 Ke7 28. e5 Nxe5 29.
Rxd8 Kxd8 30. Bxb7 g5 31. Bg2 a5 32. Nb5 Nd3 33. Nd4 Kd7 34. a4 Nc5 35. Ke2 e5 36.
Nf5 g6 37. Ne3 Nxb3 38. Kd3 Nc5+ 39. Kc2 Ncxa4 40. Ng4 Ke7 41. Bc6 Nc5 42. Kc3 Ne6 43.
Ne3 Nd4 0-1

[Event "*** SCC Grand Prix: Titled Tuesday Blitz"]
[Site "Chess.com"]
[Date "2020.06.02"]
[Round "8"]
[White "imdvb6307"]
[Black "WiktoriaPOL"]
[Result "1-0"]
[WhiteElo "2373"]
[BlackElo "2038"]
[TimeControl "180+1"]
[EndTime "11:35:57 PDT"]
[Termination "imdvb6307 won by resignation"]

1. c4 e5 2. Nc3 Nf6 3. Nf3 Nc6 4. e3 g6 5. d4 exd4 6. exd4 d5 7. cxd5 Nxd5 8. Bc4 Nxc3 9. bxc3 Bg7 10. Bg5 Qd6 11. Qd2 O-O 12. O-O Bg4 13. Bf4 Qd7 14. Ng5 h6 15. Ne4 Kh7 16. Nc5 Qc8 17. Rfe1 b6 18. Ba6 Qf5 19. Ne4 g5 20. Bxc7 Rae8 21. Bd3 Qa5 22. Nf6+ Kh8 23. Nxe8 Nxd4 24. Nxg7 Kxg7 25. Be5+ Kg8 26. Bxd4 Rd8 27. f3 Be6 28. Re5 Qa4 29. Bc2 Qc6 30. Qd3 Kf8 31. Qh7 Ke7 32. Be4 Qc4 33. Qxh6 Rxd4 34. Rxe6+ fxe6 35. Qg7+ 1-0

[Event "*** SCC Grand Prix: Titled Tuesday Blitz"]
[Site "Chess.com"]
[Date "2020.06.02"]
[Round "8"]
[White "topotun"]
[Black "MFguimaraes"]
[Result "1/2-1/2"]
[WhiteElo "2616"]
[BlackElo "2429"]
[TimeControl "180+1"]
[EndTime "11:35:58 PDT"]
[Termination "Game drawn by agreement"]

1. d4 Nf6 2. Nc3 d5 3. Bf4 c5 4. e3 a6 5. dxc5 Nc6 6. Nf3 Qa5 7.
Bd3 Bg4 8. h3 Bh5 9. g4 Bg6 10.
O-O e6 11. Qe2 Bxc5 12. a3 Be7 13. Kg2 Ne4 14. Bxe4 dxe4 15. Nd4 h5 16. Nxc6 bxc6 17. Qc4 Rc8 18. Nxe4 Qd5 19. Qxd5 cxd5 20. Nd6+ Bxd6 21. Bxd6 Rxc2 22. Rac1 Kd7 23. Rxc2 Bxc2 24. Be5 f6 25. Bc3 e5 26. Rc1 Ba4 27. Bb4 Bc6 28. Kg3 g5 29. f3 hxg4 30. hxg4 Rc8 31. Rc5 Bb7 32. Rxc8 Bxc8 33.
f4 gxf4+ 34. exf4 exf4+ 35. Kxf4 Ke6 36. Bc3 1/2-1/2

[Event "*** SCC Grand Prix: Titled Tuesday Blitz"]
[Site "Chess.com"]
[Date "2020.06.02"]
[Round "8"]
[White "AGW2016"]
[Black "kleopl"]
[Result "0-1"]
[WhiteElo "2307"]
[BlackElo "2456"]
[TimeControl "180+1"]
[EndTime "11:36:00 PDT"]
[Termination "kleopl won by checkmate"]

1. e4 d5 2. exd5 Qxd5 3. Nc3 Qd6 4. Nf3 Nf6 5. d4 c6 6. Bc4 Bg4 7. h3 Bxf3 8. Qxf3 Qxd4 9. Bb3 Nbd7 10. Be3 Qb4 11.
a3 Qa5 12. O-O e6 13. Rad1 Be7 14. Ne4 Nxe4 15. Qxe4 Nf6 16. Qf3 O-O 17. Rd2 Rfd8 18. Rfd1 Rxd2 19. Rxd2 Rd8 20. Rxd8+ Bxd8 21. Qg3 Bc7 22.
Qh4 Qe5 23. g3 Qxb2 24. Qb4 b6 25. Qa4 h6 26. Qxc6 Qe5 27. Qa8+ Kh7 28. Qxa7 Qd6 29. Qa6 g6 30. a4 Nh5 31. Qe2 Qe5 32. Qf3 Kg7 33. Qg4 Nxg3 34. Bc4 Nf5 35. Qf3 Qa1+ 36. Kg2 Nh4# 0-1

[Event "*** SCC Grand Prix: Titled Tuesday Blitz"]
[Site "Chess.com"]
[Date "2020.06.02"]
[Round "8"]
[White "MateSchmate"]
[Black "gixfantastix"]
[Result "0-1"]
[WhiteElo "2374"]
[BlackElo "2113"]
[TimeControl "180+1"]
[EndTime "11:36:03 PDT"]
[Termination "gixfantastix won by checkmate"]

1. e4 Nf6 2. e5 Nd5 3. c4 Nb6 4. a4 d6 5. a5 N6d7 6. exd6 exd6 7. d4 c5 8. Nc3 Be7 9. Nf3 O-O 10. Bd3 Nc6 11. O-O Nxa5 12. Nd5 Nc6 13. Re1 Re8 14.
Nxe7+ Rxe7 15. Bg5 Rxe1+ 16. Qxe1 Qf8 17. Qe4 g6 18. Qh4 f6 19. Bh6 Qf7 20. Re1 Nf8 21.
dxc5 dxc5 22. Be4 Be6 23. Bxc6 bxc6 24. Qe4 Bxc4 25. Qxc6 Bd5 26. Qxc5 Bxf3 27. Re7 Qd5 28. Rg7+ Kh8 29. Qc1 Qd1+ 30. Qxd1 Bxd1 31. Rf7 Ne6 32. Rxf6 Re8 33. f4 Nd4 34. Kf2 Nf5 35. Bg5 Re2+ 36. Kf1 Rxb2 37. Rc6 Ne3+ 38. Ke1 Re2# 0-1

[Event "*** SCC Grand Prix: Titled Tuesday Blitz"]
[Site "Chess.com"]
[Date "2020.06.02"]
[Round "8"]
[White "HrvojeZagreb"]
[Black "pastouche06"]
[Result "0-1"]
[WhiteElo "2097"]
[BlackElo "2469"]
[TimeControl "180+1"]
[EndTime "11:36:04 PDT"]
[Termination "pastouche06 won by resignation"]

1. d4 Nf6 2. Bf4 d5 3. e3 e6 4.
Nd2 Bd6 5. Bg3 O-O 6. Bd3 c5 7. c3 Qc7 8. Ngf3 Nbd7 9. e4 cxd4 10. cxd4 dxe4 11. Nxe4 Nxe4 12. Bxe4 Nf6 13. Bc2 Qa5+ 14.
Kf1 Rd8 15. a3 b6 16. b4 Ba6+ 17. Kg1 Qh5 18. Ne5 Rac8 19. h3 Qxd1+ 20. Bxd1 Ne4 21.
Bh4 f6 22. Nf3 g5 23. Bg3 Nxg3 24. fxg3 Bxg3 25. Bb3 Bc4 26. Bxc4 Rxc4 27. Kf1 Rc2 28. h4 g4 29. Ne1 Rf2+ 30. Kg1 Rxd4 31. Rc1 Re2 0-1

[Event "*** SCC Grand Prix: Titled Tuesday Blitz"]
[Site "Chess.com"]
[Date "2020.06.02"]
[Round "8"]
[White "GMBenjaminBok"]
[Black "Dynamikus"]
[Result "0-1"]
[WhiteElo "2892"]
[BlackElo "2778"]
[TimeControl "180+1"]
[EndTime "11:36:05 PDT"]
[Termination "Dynamikus won by checkmate"]

1. d4 Nf6 2. Nf3 g6 3. Bg5 Bg7 4. c3 O-O 5. e3 b6 6. Bd3 Bb7 7. Nbd2 d5 8. Ne5 c5 9. h4 Nbd7 10. h5 Nxe5 11. dxe5 Ne4 12. Bxe4 dxe4 13. hxg6 fxg6 14.
Qg4 Qd5 15. Qh4 h5 16. Bxe7 Rf5 17. Bf6 Rf8 18. g4 R5xf6 19. exf6 Bxf6 20. Qh2 h4 21. O-O-O Qxa2 22. g5 Bxc3 23. bxc3 Qa3+ 24. Kb1 Ba6 25.
Nxe4 Qb3+ 26. Kc1 Qa3+ 27. Kd2 Qb2+ 28. Ke1 Qe2# 0-1

[Event "*** SCC Grand Prix: Titled Tuesday Blitz"]
[Site "Chess.com"]
[Date "2020.06.02"]
[Round "8"]
[White "CroissantNeuf"]
[Black "Arek_pacitan"]
[Result "0-1"]
[WhiteElo "2389"]
[BlackElo "2548"]
[TimeControl "180+1"]
[EndTime "11:36:05 PDT"]
[Termination "Arek_pacitan won on time"]

1. e4 c5 2. Nf3 e6 3. c3 Nf6 4. e5 Nd5 5. d4 cxd4 6. cxd4 d6 7. Bc4 Nc6 8. O-O Be7 9. Qe2 O-O 10. Qe4 dxe5 11.
dxe5 a6 12. Rd1 b5 13. Bd3 g6 14. Bh6 Re8 15. Nc3 Nxc3 16. bxc3 Qc7 17. a4 Bb7 18. axb5 Nb4 19. Qc4 Qxc4 20. Bxc4 axb5 21. Bxb5 Nc6 22. Rab1 Rac8 23. Rd7 Ba8 24. c4 Bc5 25. Bf4 Red8 26. Rbd1 Rxd7 27. Rxd7 Na7 28. Ba6 Rb8 29. h4 Bc6 30. Rc7 Bb6 31. Re7 Kf8 32. Bg5 Bxf3 33. gxf3 Nc6 34. Rd7 Nxe5 35. Bf6 Nxd7 0-1

[Event "*** SCC Grand Prix: Titled Tuesday Blitz"]
[Site "Chess.com"]
[Date "2020.06.02"]
[Round "8"]
[White "Smile2005"]
[Black "beto-betun"]
[Result "1-0"]
[WhiteElo "2411"]
[BlackElo "2170"]
[TimeControl "180+1"]
[EndTime "11:36:05 PDT"]
[Termination "Smile2005 won by resignation"]

1. Nf3 Nf6 2. g3 g6 3. Bg2 Bg7 4. O-O O-O 5. d3 d6 6. e4 Nbd7 7. c4 c5 8. Nc3 a6 9. a4 Rb8 10.
a5 Ng4 11. h3 Nge5 12. Nxe5 Nxe5 13. f4 Nc6 14. Nd5 Nd4 15. Bd2 Bd7 16. Bc3 Bc6 17. Kh2 e6 18. Ne3 Re8 19. Nc2 Nb3 20. Ra3 Bxc3 21.
bxc3 Nxa5 22. Qa1 b6 23. Rb1 Re7 24. Qb2 Reb7 25. Ne3 Qc7 26. Qf2 b5 27. Rba1 bxc4 28. Rxa5 cxd3 29. Nc4 Bb5 30. Ne3 c4 31. f5 Qc5 32.
Qf4 e5 33. Qh6 Qc8 34. Ng4 Qd8 35. Rf1 1-0

[Event "*** SCC Grand Prix: Titled Tuesday Blitz"]
[Site "Chess.com"]
[Date "2020.06.02"]
[Round "8"]
[White "MIJUAREZ"]
[Black "GothamChess"]
[Result "1-0"]
[WhiteElo "2393"]
[BlackElo "2610"]
[TimeControl "180+1"]
[EndTime "11:36:07 PDT"]
[Termination "MIJUAREZ won on time"]

1. e4 c6 2. d4 d5 3. Nd2 dxe4 4. Nxe4 Nf6 5. Ng3 h5 6. h4 Bg4 7. Qd3 Qb6 8. N1e2 Bxe2 9. Bxe2 e6 10. O-O Nbd7 11. Bg5 Bd6 12. a4 a5 13. c3 Qc7 14.
Rae1 Bf4 15. Qf3 Bxg5 16. hxg5 Ng4 17. g6 fxg6 18. Bc4 O-O-O 19. Bxe6 Kb8 20. Bxg4 hxg4 21. Qxg4 Nf6 22. Qg5 Ka8 23. Re5 b6 24. Rfe1 Rh7 25. Qxg6 Rdh8 26. Re7 Qd6 27. Qf7 Rh1+ 28. Nxh1 Qh2+ 29.
Kf1 Qxh1+ 30. Ke2 1-0